Workbook
Name Auxiliar: #REF!
Name CUSTO_VALE_TRANSPORTE: #REF!
Name ecwece4c: #REF!
Name MOMB4: '[1]SERVENTE MANUTENCAO'!$I$144
Name MONA1: #REF!
Name MONA2: #REF!
Name MONA3: [2]HIDRAULICO!$I$138
Name MONA4: '[2]SERVENTE (AUX PRODUCAO)'!$I$138
Name MONA5: #REF!
Name MONA6: #REF!
Name MONA7: #REF!
Name MONA8: [2]MECANICO_REFRIGERACAO!$I$138
Name MONB1: #REF!
Name MONB2: #REF!
Name MONB3: [2]HIDRAULICO!$I$144
Name MONB4: '[2]SERVENTE (AUX PRODUCAO)'!$I$144
Name MONB5: #REF!
Name MONB6: #REF!
Name MONB7: #REF!
Name MONB8: [2]MECANICO_REFRIGERACAO!$I$144
Name MONC1: #REF!
Name MONC2: #REF!
Name MONC3: [2]HIDRAULICO!$I$148
Name MONC4: '[2]SERVENTE (AUX PRODUCAO)'!$I$148
Name MONC5: #REF!
Name MONC6: #REF!
Name MONC7: #REF!
Name MONC8: [2]MECANICO_REFRIGERACAO!$I$148
Name mont: #REF!
Name MONTANTEA: #REF!
Name MONTANTEA1: #REF!
Name MONTANTEA2: #REF!
Name MONTANTEB: #REF!
Name MONTANTEB1: #REF!
Name MONTANTEB2: #REF!
Name MONTANTEC: #REF!
Name MONTANTEC1: #REF!
Name MONTANTEC2: #REF!
Name ok: #REF!
Name REMUNERACAO1: #REF!
Name REMUNERACAO2: #REF!
Name REMUNERACAO3: [2]HIDRAULICO!$I$30
Name REMUNERACAO4: '[2]SERVENTE (AUX PRODUCAO)'!$I$30
Name REMUNERACAO5: #REF!
Name REMUNERACAO6: #REF!
Name REMUNERACAO7: #REF!
Name REMUNERACAO8: [2]MECANICO_REFRIGERACAO!$I$30
Name TOTAL_MONT_A: #REF!
Name TOTAL1: #REF!
Name TOTAL2: #REF!
Name VALE_TRANSPORTE: #REF!

Sheet PROPOSTA
A1: Quadro Resumo Mensal
A2: ITEM | B2: Função | C2: Carga Horária | D2: Valor Unitário | E2: Nº de Postos | F2: Valor Total Mensal
A3: 1 | B3: Serviço Asseio Conservação escala 12/36 | C3: 44 horas | D3: ='Serv. Limpeza 12x36'!I172 -> 9847.34 | E3: 1 | F3: =D3*E3 -> 9847.34
A4: 2 | B4: Serviço Asseio Conservação | C4: 20 horas | D4: ='Limpeza 20h'!G172 -> 2477.66 | E4: 1 | F4: =D4*E4 -> 2477.66
A5: TOTAL MENSAL | E5: =SUM(E3:E4) -> 2 | F5: =SUM(F3:F4) -> 12325
F7: ↑
A8: OBS: Este valor contempla apenas remuneração e encargos sociais. A licitante deverá provisionar os demais custos diretos, indiretos e lucro de acordo com sua realidade.

Sheet Serv. Limpeza 12x36
A1: PLANILHA DE CUSTOS E FORMAÇÃO DE PREÇOS DE SERVIÇOS CONTINUADOS COM DEDICAÇÃO EXCLUSIVA DE MÃO DE OBRA
A2: PROCESSO: | E2: REGIME DE TRIBUTAÇÃO: LUCRO PRESUMIDO
A3: LICITAÇÃO/EDITAL | E3: ABERTURA:
A5: Cargo/Função: | D5: Servente de Limpeza | G5: =IF(D6="12x36","Regime de trabalho:","Quantidade de HORAS/MÊS") -> Regime de trabalho: | I5: 220
A6: =IF(D6="12x36","Regime de trabalho:","Regime de trabalho (horas semanais):") -> Regime de trabalho: | D6: 12x36
A7: Convenção Coletiva de Trabalho: | D7: RS000042/2026 | G7: INSALUBRIDADE (10%, 20%, 40%) | I7: 0.4
A8: Origem do salário: | D8: CCT RS000042/2026
A9: Cidade: | D9: Marau/RS | G9: PERICULOSIDADE (30%) | I9: Não aplicável
A10: Salário Normativo | G10: Vlr. do salário e nº de horas correspondentes | H10: 220 | I10: 1765.86
A11: Tarifa Transporte | G11: CCT | H11: Vr. Unitário | I11: 4.5
H12: Dias | I12: 15
H13: Desconto | I13: 0.06
A14: Auxílio Alimentação | G14: CCT | H14: Vr. Unitário | I14: 27.15
H15: Dias | I15: =I12 -> 15
H16: Desconto | I16: 0.19
A17: Auxílio Lanche | G17: CCT | H17: Vr. Unitário | I17: 0
H18: Dias | I18: 0
H19: Desconto | I19: 0
A20: Prêmio assiduidade | G20: CCT | H20: Valor mensal | I20: 80
A21: Plano de benefício Social Familiar | G21: CCT | H21: Valor mensal | I21: 25.52
A22: Adicional de Supervisor (37%) | H22: Porcentagem | I22: Não aplicável
A23: Base de cálculo da insalubridade | H23: Valor | I23: =I30 -> 1765.86
A24: Quantitativo de horas trabalhadas em feriados no mês (estimado) - Não aplicável para postos 12x36 | H24: Horas por mês | I24: Não aplicável
H25: Acréscimo da hora extra | I25: Não aplicável
A26: Hora Intervalar (somente para postos 12x36, quando for o caso) | H26: Horas por mês | I26: 0
A28: MONTANTE A
A29: I | B29: Remuneração - Grupo I | H29: % | I29: Valor Mensal/unidade de serviço (R$)
A30: 1 | B30: Salário | H30: =I30/$I$37 -> 0.71428687 | I30: =IF(D6="12x36",I10,I10/H10*I5) -> 1765.86
A31: =A30+1 -> 2 | B31: Adicional Periculosidade 30% (Ver súmulas 364, 132 e 191 do TST) | H31: =I31/$I$37 -> 0 | I31: =IF(I9=30%,I30*I9,0) -> 0 | L31: Somente poderão ser modificadas pelo licitante as rubricas em AMARELO.
A32: =A31+1 -> 3 | B32: Adicional Insalubridade 10% (Ver súmula 228 e 139 TST) | H32: =I32/$I$37 -> 0 | I32: =IF(I7=10%,I23*I7,0) -> 0
A33: =A32+1 -> 4 | B33: Adicional Insalubridade 20% (Ver súmula 228 e 139 TST) | H33: =I33/$I$37 -> 0 | I33: =IF(I7=20%,I23*I7,0) -> 0
A34: =A33+1 -> 5 | B34: Adicional Insalubridade 40% (Ver súmula 228 e 139 TST) | H34: =I34/$I$37 -> 0.28571475 | I34: =IF(I7=40%,I23*I7,0) -> 706.344
A35: =A34+1 -> 6 | B35: Adicional de Supervisor (IN 02/2008 MPOG SLTI) | H35: =I35/$I$37 -> 0 | I35: =IF(I22="Não aplicável",0,I30*I22) -> 0
A36: =A35+1 -> 7 | B36: Feriados | H36: =I36/$I$37 -> 0 | I36: =IF(I24="Não aplicável",0,(I30+I31+I32+I33+I34+I35+#REF!)/I5*I24*(1+I25)) -> 0
A37: Total de Remuneração | H37: =SUM(H30:H36) -> 1.0000016 | I37: =ROUND(SUM(I30:I36),2) -> 2472.2
A39: II | B39: Encargos Sociais - Grupo II: Obrigações Sociais | H39: % | I39: Valor Mensal/unidade de serviço (R$)
A40: 1 | B40: INSS (art. 22, inc. I, Lei nº 8.212/91) | H40: 0.2 | I40: =$I$37*H40 -> 494.44
A41: 2 | B41: SESI ou SESC (art. 30, Lei nº 8.036/90) | H41: 0.015 | I41: =$I$37*H41 -> 37.083
A42: 3 | B42: SENAI ou SENAC (Decreto-Lei nº 2.318/86) | H42: 0.01 | I42: =$I$37*H42 -> 24.722
A43: 4 | B43: INCRA (art. 15I, Lei Complementar nº 011/71) | H43: 0.002 | I43: =$I$37*H43 -> 4.9444
A44: 5 | B44: SALÁRIO EDUCAÇÃO (art. , inc. I, Decreto nº 87.043/82) | H44: 0.025 | I44: =$I$37*H44 -> 61.805
A45: 6 | B45: FGTS (art. 15, Lei nº 8.036/90) | H45: 0.08 | I45: =$I$37*H45 -> 197.776
A46: 7 | B46: SEG. ACIDENTE DO TRABALHO 1%, 2% e 3% (art. 22, inc. II, alíneas "b" e "c", da Lei nº 8.212/91) | I46: =$I$37*H46 -> 0
A47: 8 | B47: SEBRAE (§ 3º, art. 8º, Lei nº 8.029/90) | H47: 0.006 | I47: =$I$37*H47 -> 14.8332
A48: Total do Grupo II | H48: =SUM(H40:H47) -> 0.338 | I48: =ROUND(SUM(I40:I47),2) -> 835.6
A49: Os percentuais para o SAT podem variar de 0,50% a 6,00% em função do Fator de Acidente Previdenciário (FAP), Decreto nº 6.957/2009
A50: Deverá obrigatoriamente acompanhar a proposta de preços e a planilha de custos e formação de preços a prova do Fator Acidentário de Prevenção – FAP por meio de impressão de consulta ao site do Ministério da Previdência Social (que pode ser obtido no endereço eletrônico http://www2.dataprev.gov.br/fap/fap.htm), independentemente de alteração da alíquota da parcela do Seguro Acidente de Trabalho disposta no Quadro II da referida planilha.
A51: III | B51: Encargos Sociais - Grupo III: Tempo Não Trabalhado | H51: % | I51: Valor Mensal/unidade de serviço (R$)
A52: 1 | B52: FÉRIAS GOZADAS + ADICIONAL DE FÉRIAS | H52: 0.110833 | I52: =$I$37*H52 -> 274.00134
A53: 2 | B53: FALTAS ABONADAS (3) | H53: 0.020479 | I53: =$I$37*H53 -> 50.628184
A54: 3 | B54: FALTAS LEGAIS (4) | H54: 0.012123 | I54: =$I$37*H54 -> 29.970481
A55: 4 | B55: LICENÇA MATERNIDADE | H55: 0.011436 | I55: =$I$37*H55 -> 28.272079
A56: 5 | B56: LICENÇA PATERNIDADE | H56: 0.000174 | I56: =$I$37*H56 -> 0.4301628
A57: 6 | B57: ACIDENTE DE TRABALHO | H57: 0.000442 | I57: =$I$37*H57 -> 1.0927124
A58: 8 | B58: 13º SALÁRIO | H58: 0.083333 | I58: =$I$37*H58 -> 206.01584
A59: Total do Grupo III | H59: =SUM(H52:H58) -> 0.23882 | I59: =ROUND(SUM(I52:I58),2) -> 590.41
A60: (3) | B60: Faltas Justificadas por Auxílio Doença
A61: (4) | B61: Faltas Legais - Art. 473 CLT
A62: IV | B62: Encargos Sociais - Grupo IV: Indenizações | H62: % | I62: Valor Mensal/unidade de serviço (R$)
A63: 1 | B63: AVISO PRÉVIO INDENIZADO | H63: 0.0042 | I63: =$I$37*H63 -> 10.38324
A64: 2 | B64: INCIDÊNCIA DO FGTS SOBRE O AVISO PRÉVIO INDENIZADO | H64: =H63*H45 -> 0.000336 | I64: =$I$37*H64 -> 0.8306592
A65: 3 | B65: MULTA SOBRE FGTS E CONTRIBUIÇÕES SOCIAIS SOBRE O AVISO PRÉVIO INDENIZADO | H65: =40%*H48*H63 -> 0.00056784 | I65: =$I$37*H65 -> 1.403814
A66: 4 | B66: AVISO PRÉVIO TRABALHADO | H66: 0.0194 | I66: =$I$37*H66 -> 47.96068
A67: 5 | B67: INCIDÊNCIA DE GPS, FGTS E OUTRAS CONTRIBUIÇÕES SOBRE O AVISO PRÉVIO TRABALHADO | H67: =H66*H48 -> 0.0065572 | I67: =$I$37*H67 -> 16.21071
A68: 6 | B68: MULTA SOBRE FGTS E CONTRIBUIÇÕES SOCIAIS SOBRE O AVISO PRÉVIO TRABALHADO | H68: =40%*H48*H66 -> 0.00262288 | I68: =$I$37*H68 -> 6.4842839
A69: Total do Grupo IV | H69: =SUM(H63:H68) -> 0.03368392 | I69: =ROUND(SUM(I63:I68),2) -> 83.27
A71: V | B71: Encargos Sociais - Grupo V: Incidências | H71: % | I71: Valor Mensal/unidade de serviço (R$)
A72: 1 | B72: INCIDÊNCIA GRUPO II (Obrigações Sociais) X GRUPO III (Tempo Não Trabalhado) Itens 1 e 7 | H72: =H48*(H52+H58) -> 0.065628108 | I72: =$I$37*H72 -> 162.24581
A73: 2 | B73: INCIDÊNCIA GRUPO II (Obrigações Sociais) X GRUPO III (Tempo Não Trabalhado) Itens 2,3,4,5, e 6 | H73: =H48*(H53+H54+H55+H56+H57) -> 0.015093052 | I73: =$I$37*H73 -> 37.313043
A74: Total do Grupo V | H74: =SUM(H72:H73) -> 0.08072116 | I74: =ROUND(SUM(I72:I73),2) -> 199.56
A76: TOTAL DOS ENCAGOS SOCIAIS (II + III + IV + V) | H76: =H48+H59+H69+H74 -> 0.69122508 | I76: =ROUND(SUM(I48+I59+I69+I74),2) -> 1708.84
A78: VI | B78: Demais custos relativos à Norma Coletiva ou Disposições Legais - Grupo VI | H78: % | I78: Valor Mensal/unidade de serviço (R$)
A79: 1 | B79: Auxílio Alimentação | H79: =I79/$I$37 -> 0.13343277 | I79: =I97 -> 329.8725
A80: 2 | B80: Auxílio Lanche | H80: =I80/$I$37 -> 0 | I80: =I93 -> 0
A81: 3 | B81: Vale-Transporte⁽⁵⁾ | H81: =I81/$I$37 -> 0.01175002 | I81: =I89 -> 29.0484
A82: 4 | B82: Adicional Intervalar | H82: =I82/$I$37 -> 0 | I82: =IF(I26="Não aplicável",0,((I10/H10)*1.5*I26)) -> 0
A83: 5 | B83: Prêmio assiduidade | H83: =I83/$I$37 -> 0.032359841 | I83: =IF(I20="Não aplicável",0,I20) -> 80
A84: 6 | B84: Plano de benefício Social Familiar | H84: =I84/$I$37 -> 0.010322789 | I84: =IF(I21="Não aplicável",0,I21) -> 25.52
A85: Total do Grupo VI | H85: =SUM(H79:H84) -> 0.18786542 | I85: =ROUND(SUM(I79:I84),2) -> 464.44
A86: (5) | B86: O valor do vale-transporte pode variar de acordo com o modal fornecido pelo empregador.
A87: MEMÓRIA DE CÁLCULO DO VALE TRANSPORTE
A88: Valor Unitário | C88: Dias de Trabalho | D88: Vale p/dia | E88: Custo total | F88: Base de cálculo | G88: Percentual de desconto | H88: Valor desconto | I88: Custo efetivo
A89: =I11 -> 4.5 | C89: =I12 -> 15 | D89: 2 | E89: =A89*C89*D89 -> 135 | F89: =I30 -> 1765.86 | G89: =I13 -> 0.06 | H89: =F89*G89 -> 105.9516 | I89: =IF((E89-H89)>0,E89-H89,0) -> 29.0484
A91: MEMÓRIA DE CÁLCULO DO VALE LANCHE
A92: Valor Unitário | C92: Dias por mês | D92: Vale p/dia | E92: Custo total | F92: Base de cálculo | G92: Percentual de desconto | H92: Valor desconto | I92: Custo efetivo
A93: =I17 -> 0 | C93: =I18 -> 0 | D93: 1 | E93: =A93*C93*D93 -> 0 | F93: =E93 -> 0 | G93: =I19 -> 0 | H93: =F93*G93 -> 0 | I93: =E93-H93 -> 0
A95: MEMÓRIA DE CÁLCULO DO VALE ALIMENTAÇÃO
A96: Valor Unitário | C96: Dias por mês | D96: Vale p/dia | E96: Custo total | F96: Base de cálculo | G96: Percentual de desconto | H96: =H88 -> Valor desconto | I96: Custo efetivo
A97: =I14 -> 27.15 | C97: =I15 -> 15 | D97: 1 | E97: =A97*C97*D97 -> 407.25 | F97: =E97 -> 407.25 | G97: =I16 -> 0.19 | H97: =F97*G97 -> 77.3775 | I97: =E97-H97 -> 329.8725
A99: TOTAL DO MONTANTE A (I + II + III+ IV + V +VI) | H99: =H37+H76+H85 -> 1.8790921 | I99: =ROUND(SUM(I37+I76+I85),2) -> 4645.48
A101: MONTANTE B
A102: I | B102: Despesas Diretas | H102: % | I102: Valor Mensal/unidade de serviço (R$)
A103: 1 | B103: Uniformes | H103: =I103/$I$113 -> 0 | I103: ='Uniformes e EPIS'!G9 -> 0
A104: 2 | B104: EPI (6) | H104: =I104/$I$113 -> 0 | I104: ='Uniformes e EPIS'!G19 -> 0 | K104: Não alterar as formulas
A105: 3 | B105: Materiais | H105: =I105/$I$113 -> 0 | I105: =Materiais_Equip._Praça!E22 -> 0
A106: 4 | B106: Utensílios | H106: =I106/$I$113 -> 0 | I106: =Materiais_Equip._Praça!E34 -> 0
A107: 5 | B107: Outros (especificar) | H107: =I107/$I$113 -> 0 | I107: 0
A108: Total de Despesas Diretas | H108: =SUM(H103:H107) -> 0 | I108: =ROUND(SUM(I103:I107),2) -> 0
B109: (6) EPI - Equipamento de Proteção Individual
A111: LIMITE QUADRO I (Despesas Diretas) sobre Montante A (exceto Vale-transporte): | G111: =I108/I113 -> 0 | H111: Dedução Vale Transporte | I111: =I81 -> 29.0484
...

Sheet Limpeza 20h
A1: PLANILHA DE CUSTOS E FORMAÇÃO DE PREÇOS DE SERVIÇOS CONTINUADOS COM DEDICAÇÃO EXCLUSIVA DE MÃO DE OBRA
A2: PROCESSO: | E2: REGIME DE TRIBUTAÇÃO: LUCRO PRESUMIDO
A3: LICITAÇÃO/EDITAL | E3: ABERTURA:
A5: Cargo/Função: | D5: Servente de Limpeza | G5: =IF(D6="12x36","Regime de trabalho:","Quantidade de HORAS/MÊS") -> Quantidade de HORAS/MÊS | I5: 100
A6: =IF(D6="12x36","Regime de trabalho:","Regime de trabalho (horas semanais):") -> Regime de trabalho (horas semanais): | D6: 20
A7: Convenção Coletiva de Trabalho: | D7: RS000042/2026 | G7: INSALUBRIDADE (10%, 20%, 40%) | I7: 0.4
A8: Origem do salário: | D8: CCT RS000042/2026
A9: Cidade: | D9: Marau/RS | G9: PERICULOSIDADE (30%) | I9: Não aplicável
A10: Salário Normativo | G10: Vlr. do salário e nº de horas correspondentes | H10: 220 | I10: 1765.86
A11: Tarifa Transporte | G11: CCT | H11: Vr. Unitário | I11: 4.5
H12: Dias | I12: 21
H13: Desconto | I13: 0.06
A14: Auxílio Alimentação | G14: CCT | H14: Vr. Unitário | I14: 0
H15: Dias | I15: =I12 -> 21
H16: Desconto | I16: 0
A17: Auxílio Lanche | G17: CCT | H17: Vr. Unitário | I17: 13.57
H18: Dias | I18: =I12 -> 21
H19: Desconto | I19: 0.19
A20: Prêmio assiduidade | G20: CCT | H20: Valor mensal | I20: 40
A21: Plano de benefício Social Familiar | G21: CCT | H21: Valor mensal | I21: 25.52
A22: Adicional de Supervisor (37%) | H22: Porcentagem | I22: Não aplicável
A23: Base de cálculo da insalubridade | H23: Valor | I23: =I30 -> 802.66364
A24: Quantitativo de horas trabalhadas em feriados no mês (estimado) - Não aplicável para postos 12x36 | H24: Horas por mês | I24: Não aplicável
H25: Acréscimo da hora extra | I25: Não aplicável
A26: Hora Intervalar (somente para postos 12x36, quando for o caso) | H26: Horas por mês | I26: 0
A28: MONTANTE A
A29: I | B29: Remuneração - Grupo I | H29: % | I29: Valor Mensal/unidade de serviço (R$)
A30: 1 | B30: Salário | H30: =I30/$I$37 -> 0.71428514 | I30: =IF(D6="12x36",I10,I10/H10*I5) -> 802.66364
A31: =A30+1 -> 2 | B31: Adicional Periculosidade 30% (Ver súmulas 364, 132 e 191 do TST) | H31: =I31/$I$37 -> 0 | I31: =IF(I9=30%,I30*I9,0) -> 0 | L31: Somente poderão ser modificadas pelo licitante as rubricas em AMARELO.
A32: =A31+1 -> 3 | B32: Adicional Insalubridade 10% (Ver súmula 228 e 139 TST) | H32: =I32/$I$37 -> 0 | I32: =IF(I7=10%,I23*I7,0) -> 0
A33: =A32+1 -> 4 | B33: Adicional Insalubridade 20% (Ver súmula 228 e 139 TST) | H33: =I33/$I$37 -> 0 | I33: =IF(I7=20%,I23*I7,0) -> 0
A34: =A33+1 -> 5 | B34: Adicional Insalubridade 40% (Ver súmula 228 e 139 TST) | H34: =I34/$I$37 -> 0.28571405 | I34: =IF(I7=40%,I23*I7,0) -> 321.06545
A35: =A34+1 -> 6 | B35: Adicional de Supervisor (IN 02/2008 MPOG SLTI) | H35: =I35/$I$37 -> 0 | I35: =IF(I22="Não aplicável",0,I30*I22) -> 0
A36: =A35+1 -> 7 | B36: Feriados | H36: =I36/$I$37 -> 0 | I36: =IF(I24="Não aplicável",0,(I30+I31+I32+I33+I34+I35+#REF!)/I5*I24*(1+I25)) -> 0
A37: Total de Remuneração | H37: =SUM(H30:H36) -> 0.99999919 | I37: =ROUND(SUM(I30:I36),2) -> 1123.73
A39: II | B39: Encargos Sociais - Grupo II: Obrigações Sociais | H39: % | I39: Valor Mensal/unidade de serviço (R$)
A40: 1 | B40: INSS (art. 22, inc. I, Lei nº 8.212/91) | H40: 0.2 | I40: =$I$37*H40 -> 224.746
A41: 2 | B41: SESI ou SESC (art. 30, Lei nº 8.036/90) | H41: 0.015 | I41: =$I$37*H41 -> 16.85595
A42: 3 | B42: SENAI ou SENAC (Decreto-Lei nº 2.318/86) | H42: 0.01 | I42: =$I$37*H42 -> 11.2373
A43: 4 | B43: INCRA (art. 15I, Lei Complementar nº 011/71) | H43: 0.002 | I43: =$I$37*H43 -> 2.24746
A44: 5 | B44: SALÁRIO EDUCAÇÃO (art. , inc. I, Decreto nº 87.043/82) | H44: 0.025 | I44: =$I$37*H44 -> 28.09325
A45: 6 | B45: FGTS (art. 15, Lei nº 8.036/90) | H45: 0.08 | I45: =$I$37*H45 -> 89.8984
A46: 7 | B46: SEG. ACIDENTE DO TRABALHO 1%, 2% e 3% (art. 22, inc. II, alíneas "b" e "c", da Lei nº 8.212/91) | I46: =$I$37*H46 -> 0
A47: 8 | B47: SEBRAE (§ 3º, art. 8º, Lei nº 8.029/90) | H47: 0.006 | I47: =$I$37*H47 -> 6.74238
A48: Total do Grupo II | H48: =SUM(H40:H47) -> 0.338 | I48: =ROUND(SUM(I40:I47),2) -> 379.82
A49: Os percentuais para o SAT podem variar de 0,50% a 6,00% em função do Fator de Acidente Previdenciário (FAP), Decreto nº 6.957/2009
A50: Deverá obrigatoriamente acompanhar a proposta de preços e a planilha de custos e formação de preços a prova do Fator Acidentário de Prevenção – FAP por meio de impressão de consulta ao site do Ministério da Previdência Social (que pode ser obtido no endereço eletrônico http://www2.dataprev.gov.br/fap/fap.htm), independentemente de alteração da alíquota da parcela do Seguro Acidente de Trabalho disposta no Quadro II da referida planilha.
A51: III | B51: Encargos Sociais - Grupo III: Tempo Não Trabalhado | H51: % | I51: Valor Mensal/unidade de serviço (R$)
A52: 1 | B52: FÉRIAS GOZADAS + ADICIONAL DE FÉRIAS | H52: 0.110833 | I52: =$I$37*H52 -> 124.54637
A53: 2 | B53: FALTAS ABONADAS (3) | H53: 0.020479 | I53: =$I$37*H53 -> 23.012867
A54: 3 | B54: FALTAS LEGAIS (4) | H54: 0.012123 | I54: =$I$37*H54 -> 13.622979
A55: 4 | B55: LICENÇA MATERNIDADE | H55: 0.011436 | I55: =$I$37*H55 -> 12.850976
A56: 5 | B56: LICENÇA PATERNIDADE | H56: 0.000174 | I56: =$I$37*H56 -> 0.19552902
A57: 6 | B57: ACIDENTE DE TRABALHO | H57: 0.000442 | I57: =$I$37*H57 -> 0.49668866
A58: 8 | B58: 13º SALÁRIO | H58: 0.083333 | I58: =$I$37*H58 -> 93.643792
A59: Total do Grupo III | H59: =SUM(H52:H58) -> 0.23882 | I59: =ROUND(SUM(I52:I58),2) -> 268.37
A60: (3) | B60: Faltas Justificadas por Auxílio Doença
A61: (4) | B61: Faltas Legais - Art. 473 CLT
A62: IV | B62: Encargos Sociais - Grupo IV: Indenizações | H62: % | I62: Valor Mensal/unidade de serviço (R$)
A63: 1 | B63: AVISO PRÉVIO INDENIZADO | H63: 0.0042 | I63: =$I$37*H63 -> 4.719666
A64: 2 | B64: INCIDÊNCIA DO FGTS SOBRE O AVISO PRÉVIO INDENIZADO | H64: =H63*H45 -> 0.000336 | I64: =$I$37*H64 -> 0.37757328
A65: 3 | B65: MULTA SOBRE FGTS E CONTRIBUIÇÕES SOCIAIS SOBRE O AVISO PRÉVIO INDENIZADO | H65: =40%*H48*H63 -> 0.00056784 | I65: =$I$37*H65 -> 0.63809884
A66: 4 | B66: AVISO PRÉVIO TRABALHADO | H66: 0.0194 | I66: =$I$37*H66 -> 21.800362
A67: 5 | B67: INCIDÊNCIA DE GPS, FGTS E OUTRAS CONTRIBUIÇÕES SOBRE O AVISO PRÉVIO TRABALHADO | H67: =H66*H48 -> 0.0065572 | I67: =$I$37*H67 -> 7.3685224
A68: 6 | B68: MULTA SOBRE FGTS E CONTRIBUIÇÕES SOCIAIS SOBRE O AVISO PRÉVIO TRABALHADO | H68: =40%*H48*H66 -> 0.00262288 | I68: =$I$37*H68 -> 2.9474089
A69: Total do Grupo IV | H69: =SUM(H63:H68) -> 0.03368392 | I69: =ROUND(SUM(I63:I68),2) -> 37.85
A71: V | B71: Encargos Sociais - Grupo V: Incidências | H71: % | I71: Valor Mensal/unidade de serviço (R$)
A72: 1 | B72: INCIDÊNCIA GRUPO II (Obrigações Sociais) X GRUPO III (Tempo Não Trabalhado) Itens 1 e 7 | H72: =H48*(H52+H58) -> 0.065628108 | I72: =$I$37*H72 -> 73.748274
A73: 2 | B73: INCIDÊNCIA GRUPO II (Obrigações Sociais) X GRUPO III (Tempo Não Trabalhado) Itens 2,3,4,5, e 6 | H73: =H48*(H53+H54+H55+H56+H57) -> 0.015093052 | I73: =$I$37*H73 -> 16.960515
A74: Total do Grupo V | H74: =SUM(H72:H73) -> 0.08072116 | I74: =ROUND(SUM(I72:I73),2) -> 90.71
A76: TOTAL DOS ENCAGOS SOCIAIS (II + III + IV + V) | H76: =H48+H59+H69+H74 -> 0.69122508 | I76: =ROUND(SUM(I48+I59+I69+I74),2) -> 776.75
A78: VI | B78: Demais custos relativos à Norma Coletiva ou Disposições Legais - Grupo VI | H78: % | I78: Valor Mensal/unidade de serviço (R$)
A79: 1 | B79: Auxílio Alimentação | H79: =I79/$I$37 -> 0 | I79: =I97 -> 0
A80: 2 | B80: Auxílio Lanche | H80: =I80/$I$37 -> 0.20541029 | I80: =I93 -> 230.8257
A81: 3 | B81: Vale-Transporte⁽⁵⁾ | H81: =I81/$I$37 -> 0.12533276 | I81: =I89 -> 140.84018
A82: 4 | B82: Adicional Intervalar | H82: =I82/$I$37 -> 0 | I82: =IF(I26="Não aplicável",0,((I10/H10)*1.5*I26)) -> 0
A83: 5 | B83: Prêmio assiduidade | H83: =I83/$I$37 -> 0.035595739 | I83: =IF(I20="Não aplicável",0,I20) -> 40
A84: 6 | B84: Plano de benefício Social Familiar | H84: =I84/$I$37 -> 0.022710082 | I84: =IF(I21="Não aplicável",0,I21) -> 25.52
A85: Total do Grupo VI | H85: =SUM(H79:H84) -> 0.38904887 | I85: =ROUND(SUM(I79:I84),2) -> 437.19
A86: (5) | B86: O valor do vale-transporte pode variar de acordo com o modal fornecido pelo empregador.
A87: MEMÓRIA DE CÁLCULO DO VALE TRANSPORTE
A88: Valor Unitário | C88: Dias de Trabalho | D88: Vale p/dia | E88: Custo total | F88: Base de cálculo | G88: Percentual de desconto | H88: Valor desconto | I88: Custo efetivo
A89: =I11 -> 4.5 | C89: =I12 -> 21 | D89: 2 | E89: =A89*C89*D89 -> 189 | F89: =I30 -> 802.66364 | G89: =I13 -> 0.06 | H89: =F89*G89 -> 48.159818 | I89: =IF((E89-H89)>0,E89-H89,0) -> 140.84018
A91: MEMÓRIA DE CÁLCULO DO VALE LANCHE
A92: Valor Unitário | C92: Dias por mês | D92: Vale p/dia | E92: Custo total | F92: Base de cálculo | G92: Percentual de desconto | H92: Valor desconto | I92: Custo efetivo
A93: =I17 -> 13.57 | C93: =I18 -> 21 | D93: 1 | E93: =A93*C93*D93 -> 284.97 | F93: =E93 -> 284.97 | G93: =I19 -> 0.19 | H93: =F93*G93 -> 54.1443 | I93: =E93-H93 -> 230.8257
A95: MEMÓRIA DE CÁLCULO DO VALE ALIMENTAÇÃO
A96: Valor Unitário | C96: Dias por mês | D96: Vale p/dia | E96: Custo total | F96: Base de cálculo | G96: Percentual de desconto | H96: =H88 -> Valor desconto | I96: Custo efetivo
A97: =I14 -> 0 | C97: =I15 -> 21 | D97: 1 | E97: =A97*C97*D97 -> 0 | F97: =E97 -> 0 | G97: =I16 -> 0 | H97: =F97*G97 -> 0 | I97: =E97-H97 -> 0
A99: TOTAL DO MONTANTE A (I + II + III+ IV + V +VI) | H99: =H37+H76+H85 -> 2.0802731 | I99: =ROUND(SUM(I37+I76+I85),2) -> 2337.67
A101: MONTANTE B
A102: I | B102: Despesas Diretas | H102: % | I102: Valor Mensal/unidade de serviço (R$)
A103: 1 | B103: Uniformes | H103: =I103/$I$113 -> 0 | I103: ='Uniformes e EPIS'!G9 -> 0
A104: 2 | B104: EPI (6) | H104: =I104/$I$113 -> 0 | I104: ='Uniformes e EPIS'!G19 -> 0 | K104: Não alterar as formulas
A105: 3 | B105: Materiais | H105: =I105/$I$113 -> 0 | I105: =Materiais_Equip._Oficinas!E23 -> 0
A106: 4 | B106: Utensílios | H106: =I106/$I$113 -> 0 | I106: =Materiais_Equip._Oficinas!E35 -> 0
A107: 5 | B107: Outros (especificar) | H107: =I107/$I$113 -> 0 | I107: 0
A108: Total de Despesas Diretas | H108: =SUM(H103:H107) -> 0 | I108: =ROUND(SUM(I103:I107),2) -> 0
B109: (6) EPI - Equipamento de Proteção Individual
A111: LIMITE QUADRO I (Despesas Diretas) sobre Montante A (exceto Vale-transporte): | G111: =I108/I113 -> 0 | H111: Dedução Vale Transporte | I111: =I81 -> 140.84018
...

Sheet Uniformes e EPIS
A1: UNIFORME - POR TRABALHADOR
A2: ITEM | B2: UNIFORME | C2: UNIDADE | D2: QTD ANUAL | E2: VALOR UNITÁRIO MÉDIO | F2: TEMPO DE DEPRECIAÇÃO (MÊS) | G2: VALOR TOTAL MÉDIO
A3: 1 | B3: Calça comprida | C3: UNIDADE | D3: 2 | F3: 12 | G3: =(E3*D3)/F3 -> 0
A4: 2 | B4: Camisa manga curta | C4: UNIDADE | D4: 2 | F4: 12 | G4: =(E4*D4)/F4 -> 0
A5: 3 | B5: Camisa de manga longa | C5: UNIDADE | D5: 2 | F5: 12 | G5: =(E5*D5)/F5 -> 0
A6: 4 | B6: Guarda-pó ¾ | C6: UNIDADE | D6: 1 | F6: 12 | G6: =(E6*D6)/F6 -> 0
A7: 5 | B7: Jaqueta de Nylon | C7: UNIDADE | D7: 1 | F7: 12 | G7: =(E7*D7)/F7 -> 0
A8: 6 | B8: Meias | C8: PAR | D8: 6 | F8: 12 | G8: =(E8*D8)/F8 -> 0
A9: TOTAL MENSAL (R$) | G9: =SUM(G3:G8) -> 0
A11: EPIS - POR TRABALHADOR
A12: ITEM | B12: UNIFORME | C12: UNIDADE | D12: QTD ANUAL | E12: VALOR UNITÁRIO MÉDIO | F12: TEMPO DE DEPRECIAÇÃO (MÊS) | G12: VALOR TOTAL MÉDIO
A13: 1 | B13: Colete | C13: UNIDADE | D13: 2 | F13: 12 | G13: =(E13*D13)/F13 -> 0
A14: 2 | B14: Calçado de segurança | C14: PAR | D14: 2 | F14: 12 | G14: =(E14*D14)/F14 -> 0
A15: 3 | B15: Bota de PVC | C15: PAR | D15: 1 | F15: 12 | G15: =(E15*D15)/F15 -> 0
A16: 4 | B16: Luva de borracha para limpeza | C16: PAR | D16: 4 | F16: 1 | G16: =(E16*D16)/F16 -> 0
A17: 5 | B17: Óculos de segurança | C17: UNIDADE | D17: 1 | F17: 12 | G17: =(E17*D17)/F17 -> 0
A18: 6 | B18: Crachá de identificação do colaborador | C18: UNIDADE | D18: 1 | F18: 12 | G18: =(E18*D18)/F18 -> 0
A19: TOTAL MENSAL (R$) | G19: =SUM(G13:G18) -> 0
A22: OBS: As relações acima constituem o mínimo necessário para a prestação dos serviços, contudo, a licitante deverá atender plenamente o que está previsto nas legislações que regulamentam a matéria e subitem 6.8 do Termo de Referência.

Sheet Materiais_Equip._Praça
A1: MATERIAIS BANHEIROS PRAÇAS
A2: ITEM | B2: DESCRIÇÃO | C2: Quantidade Mensal | D2: Valor de Referência Unitário R$ | E2: Valor de Referência Mensal R$
A3: 1 | B3: Desinfetante bactericida 5 litros | C3: 8 | E3: =D3*C3 -> 0
A4: =A3+1 -> 2 | B4: Detergente clorado para limpeza pesada 5 litros | C4: 4 | E4: =D4*C4 -> 0
A5: =A4+1 -> 3 | B5: Detergente neutro 5 litros | C5: 4 | E5: =D5*C5 -> 0
A6: =A5+1 -> 4 | B6: Álcool etílico líquido 70% embalagem 1 litro | C6: 20 | E6: =D6*C6 -> 0
A7: =A6+1 -> 5 | B7: Limpa vidros | C7: 10 | E7: =D7*C7 -> 0
A8: =A7+1 -> 6 | B8: Água sanitária 5 litros | C8: 4 | E8: =D8*C8 -> 0
A9: =A8+1 -> 7 | B9: Sapólio Líquido 500ml | C9: 8 | E9: =D9*C9 -> 0
A10: =A9+1 -> 8 | B10: Esponja de lã de aço 60g Embalagem 08 pç. | C10: 8 | E10: =D10*C10 -> 0
A11: =A10+1 -> 9 | B11: Sabão em pó emb. 1kg | C11: 4 | E11: =D11*C11 -> 0
A12: =A11+1 -> 10 | B12: Multiuso 5 litros | C12: 8 | E12: =D12*C12 -> 0
A13: =A12+1 -> 11 | B13: Flanela | C13: 8 | E13: =D13*C13 -> 0
A14: =A13+1 -> 12 | B14: Adesivos para vaso Sanitário caixa com 3 Unidades | C14: 30 | E14: =D14*C14 -> 0
A15: =A14+1 -> 13 | B15: Pano de Chão | C15: 40 | E15: =D15*C15 -> 0
... A21: =A20+1 -> 19 | B21: Papel Toalha - fardos contendo 5 pacotes (totalizando 5.000 folhas) | C21: 60 | E21: =D21*C21 -> 0
A22: VALOR MENSAL R$ | E22: =SUM(E3:E21) -> 0
A24: UTENSÍLIOS BANHEIROS PRAÇAS
A25: ITEM | B25: DESCRIÇÃO | C25: Quantidade | D25: Valor de Referência Unitário R$ | E25: Valor de Referência Mensal R$
A26: 1 | B26: Extensões/hastes especiais para limpeza em altura | C26: 2 | E26: =(D26*C26)/12 -> 0
A27: =A26+1 -> 2 | B27: Balde | C27: 12 | E27: =(D27*C27)/12 -> 0
A28: =A27+1 -> 3 | B28: Cabo de alumínio para rodo | C28: 12 | E28: =(D28*C28)/12 -> 0
A29: =A28+1 -> 4 | B29: Pá | C29: 12 | E29: =(D29*C29)/12 -> 0
A30: =A29+1 -> 5 | B30: Rodo profissional plástico 40 cm com cabo | C30: 12 | E30: =(D30*C30)/12 -> 0
A31: =A30+1 -> 6 | B31: Suporte para fibra com cabo – para esponja fibra verde | C31: 8 | E31: =(D31*C31)/12 -> 0
A32: =A31+1 -> 7 | B32: Vassoura | C32: 12 | E32: =(D32*C32)/12 -> 0
A33: =A32+1 -> 8 | B33: Escova p/limpeza vaso sanitária c/ cabo plástico | C33: 12 | E33: =(D33*C33)/12 -> 0
A34: VALOR MENSAL R$ | E34: =SUM(E26:E33) -> 0
A36: OBS: Os materiais serão fornecidos de acordo com as especificações do Termo de Referência.

Sheet Materiais_Equip._Oficinas
A1: MATERIAIS OFICÍNAS
A2: ITEM | B2: DESCRIÇÃO | C2: Quantidade Mensal | D2: Valor de Referência Unitário R$ | E2: Valor de Referência Mensal R$
A3: 1 | B3: Desinfetante bactericida 5 litros | C3: 1 | E3: =D3*C3 -> 0
A4: =A3+1 -> 2 | B4: Detergente clorado para limpeza pesada 5 litros | C4: 1 | E4: =D4*C4 -> 0
A5: =A4+1 -> 3 | B5: Detergente neutro 5 litros | C5: 1 | E5: =D5*C5 -> 0
A6: =A5+1 -> 4 | B6: Álcool etílico líquido 70% embalagem 1 litro | C6: 5 | E6: =D6*C6 -> 0
A7: =A6+1 -> 5 | B7: Limpa vidros | C7: 2 | E7: =D7*C7 -> 0
A8: =A7+1 -> 6 | B8: Água sanitária 5 litros | C8: 1 | E8: =D8*C8 -> 0
A9: =A8+1 -> 7 | B9: Sabonete Liquido. Emabalagem de 5 Lt. | C9: 1 | E9: =D9*C9 -> 0
A10: =A9+1 -> 8 | B10: Sapólio Líquido 500ml | C10: 2 | E10: =D10*C10 -> 0
A11: =A10+1 -> 9 | B11: Esponja de lã de aço 60g Embalagem 08 pç. | C11: 2 | E11: =D11*C11 -> 0
A12: =A11+1 -> 10 | B12: Sabão em pó emb. 1kg | C12: 1 | E12: =D12*C12 -> 0
A13: =A12+1 -> 11 | B13: Multiuso 5 litros | C13: 2 | E13: =D13*C13 -> 0
A14: =A13+1 -> 12 | B14: Flanela | C14: 2 | E14: =D14*C14 -> 0
A15: =A14+1 -> 13 | B15: Adesivos para vaso Sanitário caixa com 3 Unidades | C15: 8 | E15: =D15*C15 -> 0
... A22: =A21+1 -> 20 | B22: Papel Toalha - fardos contendo 5 pacotes (totalizando 5.000 folhas) | C22: 15 | E22: =D22*C22 -> 0
A23: VALOR MENSAL R$ | E23: =SUM(E3:E22) -> 0
A25: UTENSÍLIOS OFICÍNAS
A26: ITEM | B26: DESCRIÇÃO | C26: Quantidade | D26: Valor de Referência Unitário R$ | E26: Valor de Referência Mensal R$
A27: 1 | B27: Extensões/hastes especiais para limpeza em altura | C27: 1 | E27: =(D27*C27)/12 -> 0
A28: =A27+1 -> 2 | B28: Balde | C28: 3 | E28: =(D28*C28)/12 -> 0
A29: =A28+1 -> 3 | B29: Cabo de alumínio para rodo | C29: 3 | E29: =(D29*C29)/12 -> 0
A30: =A29+1 -> 4 | B30: Pá | C30: 3 | E30: =(D30*C30)/12 -> 0
A31: =A30+1 -> 5 | B31: Rodo profissional plástico 40 cm com cabo | C31: 3 | E31: =(D31*C31)/12 -> 0
A32: =A31+1 -> 6 | B32: Suporte para fibra com cabo – para esponja fibra verde | C32: 2 | E32: =(D32*C32)/12 -> 0
A33: =A32+1 -> 7 | B33: Vassoura | C33: 3 | E33: =(D33*C33)/12 -> 0
A34: =A33+1 -> 8 | B34: Escova p/limpeza vaso sanitária c/ cabo plástico | C34: 3 | E34: =(D34*C34)/12 -> 0
A35: VALOR MENSAL R$ | E35: =SUM(E27:E34) -> 0
A37: OBS: Os materiais serão fornecidos de acordo com as especificações do Termo de Referência.

Sheet Apuração PIS e COFINS
A2: Pregão nº _____/20____
A3: Nome e CNPJ da empresa:
A5: Para alíquotas de PIS e COFINS recolhidos pelo regime de incidência não-cumulativo, ou seja, alíquotas divergentes a 1,65 % para PIS e 7,60% para COFINS
A7: Deverá ser apresentado juntamente com essa apuração, os recibos de entrega de escrituração fiscal digital de contribuições do SPED dos últimos 12 meses e relatório completo da *DCTWEB referente ao mês anterior da data da proposta, no qual os dados do MIT informam o regime de apuração do PIS e COFINS .
A9: *Deve ser igualmente apresentado pela incidência cumulativa.
A10: **Se as fórmulas forem alteradas, é importante que essa mudança seja devidamente justificada e fundamenta na Lei e Art.
A12: **Apuração do percentual médio de recolhimento do PIS referente aos 12 últimos meses
A13: MÊS | B13: FATURAMENTO MENSAL (A) | C13: CONTRIBUIÇÃO APURADA (B = A X 1,65%) | D13: CRÉDITO DESCONTADO ( C ) | E13: CONTRIBUIÇÃO DEVIDA ( D=B-C ) | F13: PERCENTUAL EFETIVO (E = D/A) - %
B14: 0 | C14: =B14*0.0165 -> 0 | D14: 0 | E14: =C14-D14 -> 0 | F14: =(E14/B14)*100 -> #DIV/0!
B15: 0 | C15: =B15*0.0165 -> 0 | D15: 0 | E15: =C15-D15 -> 0 | F15: =(E15/B15)*100 -> #DIV/0!
B16: 0 | C16: =B16*0.0165 -> 0 | D16: 0 | E16: =C16-D16 -> 0 | F16: =(E16/B16)*100 -> #DIV/0!
B17: 0 | C17: =B17*0.0165 -> 0 | D17: 0 | E17: =C17-D17 -> 0 | F17: =(E17/B17)*100 -> #DIV/0!
B18: 0 | C18: =B18*0.0165 -> 0 | D18: 0 | E18: =C18-D18 -> 0 | F18: =(E18/B18)*100 -> #DIV/0!
B19: 0 | C19: =B19*0.0165 -> 0 | D19: 0 | E19: =C19-D19 -> 0 | F19: =(E19/B19)*100 -> #DIV/0!
B20: 0 | C20: =B20*0.0165 -> 0 | D20: 0 | E20: =C20-D20 -> 0 | F20: =(E20/B20)*100 -> #DIV/0!
B21: 0 | C21: =B21*0.0165 -> 0 | D21: 0 | E21: =C21-D21 -> 0 | F21: =(E21/B21)*100 -> #DIV/0!
B22: 0 | C22: =B22*0.0165 -> 0 | D22: 0 | E22: =C22-D22 -> 0 | F22: =(E22/B22)*100 -> #DIV/0!
B23: 0 | C23: =B23*0.0165 -> 0 | D23: 0 | E23: =C23-D23 -> 0 | F23: =(E23/B23)*100 -> #DIV/0!
B24: 0 | C24: =B24*0.0165 -> 0 | D24: 0 | E24: =C24-D24 -> 0 | F24: =(E24/B24)*100 -> #DIV/0!
B25: 0 | C25: =B25*0.0165 -> 0 | D25: 0 | E25: =C25-D25 -> 0 | F25: =(E25/B25)*100 -> #DIV/0!
A26: PERCENTUAL MÉDIO DO PERÍODO | F26: =SUM(F14:F25)/12 -> #DIV/0!
A29: **Apuração do percentual médio de recolhimento do COFINS referente aos 12 últimos meses
A30: MÊS | B30: FATURAMENTO MENSAL (A) | C30: CONTRIBUIÇÃO APURADA (B = A X 7,60%) | D30: CRÉDITO DESCONTADO ( C ) | E30: CONTRIBUIÇÃO DEVIDA ( D=B-C ) | F30: PERCENTUAL EFETIVO (E = D/A) - %
B31: 0 | C31: =B31*0.076 -> 0 | D31: 0 | E31: =C31-D31 -> 0 | F31: =(E31/B31)*100 -> #DIV/0!
B32: 0 | C32: =B32*0.076 -> 0 | D32: 0 | E32: =C32-D32 -> 0 | F32: =(E32/B32)*100 -> #DIV/0!
B33: 0 | C33: =B33*0.076 -> 0 | D33: 0 | E33: =C33-D33 -> 0 | F33: =(E33/B33)*100 -> #DIV/0!
B34: 0 | C34: =B34*0.076 -> 0 | D34: 0 | E34: =C34-D34 -> 0 | F34: =(E34/B34)*100 -> #DIV/0!
B35: 0 | C35: =B35*0.076 -> 0 | D35: 0 | E35: =C35-D35 -> 0 | F35: =(E35/B35)*100 -> #DIV/0!
B36: 0 | C36: =B36*0.076 -> 0 | D36: 0 | E36: =C36-D36 -> 0 | F36: =(E36/B36)*100 -> #DIV/0!
B37: 0 | C37: =B37*0.076 -> 0 | D37: 0 | E37: =C37-D37 -> 0 | F37: =(E37/B37)*100 -> #DIV/0!
B38: 0 | C38: =B38*0.076 -> 0 | D38: 0 | E38: =C38-D38 -> 0 | F38: =(E38/B38)*100 -> #DIV/0!
B39: 0 | C39: =B39*0.076 -> 0 | D39: 0 | E39: =C39-D39 -> 0 | F39: =(E39/B39)*100 -> #DIV/0!
B40: 0 | C40: =B40*0.076 -> 0 | D40: 0 | E40: =C40-D40 -> 0 | F40: =(E40/B40)*100 -> #DIV/0!
B41: 0 | C41: =B41*0.076 -> 0 | D41: 0 | E41: =C41-D41 -> 0 | F41: =(E41/B41)*100 -> #DIV/0!
B42: 0 | C42: =B42*0.076 -> 0 | D42: 0 | E42: =C42-D42 -> 0 | F42: =(E42/B42)*100 -> #DIV/0!
A43: PERCENTUAL MÉDIO DO PERÍODO | F43: =SUM(F31:F42)/12 -> #DIV/0!
A49: Assinatura contador / CRC

Sheet Planilha2
